 Dungeon Crawl Stone Soup version 0.23.1-41-g7e51ed3 (webtiles) character file.

Game seed: 17693535182752111529

1024 Borgoz the Cutter (level 8, -1/48 HPs)
             Began as a Gargoyle Gladiator on Mar 30, 2019.
             Was a Follower of Ashenzari.
             Slain by a bullfrog (5 damage)
             ... on level 6 of the Dungeon.
             The game lasted 00:07:46 (5942 turns).

Borgoz the Cutter (Gargoyle Gladiator)              Turns: 5942, Time: 00:07:47

Health: -1/48      AC: 10    Str: 19    XL:     8   Next: 22%
Magic:  17/17      EV: 14    Int:  8    God:    Ashenzari [*.....]
Gold:   266        SH:  0    Dex: 13    Spells: 7/7 levels left

rFire    . . .     SeeInvis .   a - +0 rapier
rCold    . . .     Gourm    .   (no shield)
rNeg     + . .     Faith    .   s - +0 leather armour of the Hanged Man {rElec MP+9} (curse)
rPois    ∞         Spirit   .   m - +0 helmet
rElec    +         Reflect  .   (no cloak)
rCorr    .         Harm     .   (no gloves)
MR       .....                  (no boots)
Stlth    ++........             (no amulet)
HPRegen  0.16/turn              (no ring)
MPRegen  0.15/turn              (no ring)

@: no status effects
A: negative energy resistance 1, electricity resistance, unbreathing,
petrification resistance, rot immunity, AC +5
a: Curse Item, Scrying, Renounce Religion


You were on level 6 of the Dungeon.
You worshipped Ashenzari.
Ashenzari was aware of your devotion.
You were hungry.

You visited 2 branches of the dungeon, and saw 7 of its levels.

You collected 266 gold pieces.

Inventory:

Hand Weapons
 a - a +0 rapier (weapon)
 r - a +1 dagger of speed
Armour
 m - a +0 helmet (worn)
 o - a +2 scale mail of fire resistance
 s - the cursed +0 leather armour of the Hanged Man (worn) {rElec MP+9}
   (You found it on level 4 of the Dungeon)

   It insulates you from electricity.
   It affects your magic capacity (+9).
   It has a curse placed upon it.
Scrolls
 c - 6 scrolls of identify {unknown}
 g - 5 scrolls of remove curse
 h - 6 scrolls of blinking
 i - 3 scrolls of teleportation {unknown}
 p - a scroll of immolation {unknown}
 q - a scroll of magic mapping {unknown}
Comestibles
 f - 8 rations


   Skills:
 + Level 4.1 Fighting
 * Level 5.0 Short Blades
 - Level 1.7 Throwing
 * Level 4.8 Armour
 * Level 4.5 Dodging
 + Level 3.5 Stealth


You had 7 spell levels left.
You didn't know any spells.
Your spell library was empty.

Dungeon Overview and Level Annotations

Branches:
Dungeon (6/15)             Temple (1/1) D:5

Altars:
Ashenzari
Cheibriados
Dithmenos
Elyvilon
Fedhas
Gozag
Hepliaklqana
Kikubaaqudgha
Makhleb
Nemelex Xobeh
Okawaru
Qazlal
Ru
Sif Muna
Trog
Uskayaw
Vehumet
Wu Jian
Xom
Yredelemnul
Zin
The Shining One


Innate Abilities, Weirdness & Mutations

You are resistant to torment.
Your stone body is resilient. (AC +5)
You are immune to poison.
You resist negative energy. (rN+)
You are resistant to electric shocks. (rElec)
You can survive without breathing.
You are immune to petrification.
You are immune to rotting.


Message History

The centaur hits you but does no damage.
You hit the centaur but do no damage.
The centaur is heavily wounded.
The bullfrog closely misses you. The centaur closely misses you.
You hit the centaur.
The centaur is severely wounded.
The bullfrog hits you.
* * * LOW HITPOINT WARNING * * *
The centaur hits you but does no damage.
Unknown command.
You hit the centaur.
The centaur is almost dead.
The bullfrog hits you but does no damage.
The centaur hits you.
* * * LOW HITPOINT WARNING * * *
The bullfrog closely misses you. The centaur barely misses you.
You hit the centaur but do no damage.
The centaur is almost dead.
The bullfrog hits you.
You die...

# #..# #..#
#......>...# #..#
..........## #..#
#$#.#..####.####..###
#.#.#..##............
###
#(#.#..##.######.####
...# #.#.#..# #.#
#...##...Fc.#
######.###
#.....(@..#
..........#
#...(..####
#######.#.# #.##..##
##..# #(.# ####..##
#(.###### #.......
#..##...## #.##..##
#..#..#..# #.##..#
#....###.# #.##..#
#.....#..# #.##..#


You could see a bullfrog and a centaur.

Vanquished Creatures
  A hippogriff (D:5)
  Menkaure (D:4)
  An ogre (D:4)
  A centaur (D:6)
  A water moccasin zombie (D:5)
  A quasit (D:5)
  2 hounds (D:5)
  An orc priest (D:5)
  An iguana (D:5)
  3 orc wizards
  4 worker ants
  A worker ant zombie (D:3)
  6 adders
  5 worms
  2 dart slugs
  7 leopard geckos
  13 orcs
  3 giant cockroaches
  9 goblins
  6 hobgoblins
  2 jackals (D:3)
  2 quokkas
  A ball python (D:4)
  10 bats
  4 frilled lizards
  A jackal skeleton (D:4)
  8 kobolds
  A quokka skeleton (D:4)
  13 rats
111 creatures vanquished.

Notes
Turn   | Place    | Note
-------+----------+-------------------------------------------
     0 | D:1      | Borgoz the Gargoyle Gladiator began the quest for the Orb.
     0 | D:1      | Reached XP level 1. HP: 12/12 MP: 1/1
   196 | D:1      | Reached XP level 2. HP: 15/17 MP: 2/2
   329 | D:1      | Reached skill level 1 in Armour
   404 | D:1      | Reached skill level 3 in Short Blades
   683 | D:2      | Reached XP level 3. HP: 22/22 MP: 3/3
   695 | D:2      | Found a deep blue altar of Sif Muna.
   849 | D:2      | Found a burning altar of Makhleb.
   976 | D:2      | Found a glowing golden altar of the Shining One.
  1266 | D:2      | Reached skill level 1 in Stealth
  1266 | D:2      | Reached XP level 4. HP: 27/27 MP: 4/4
  1809 | D:3      | You fall through a shaft!
  1884 | D:4      | Noticed Menkaure
  1898 | D:4      | Killed Menkaure
  1898 | D:4      | Reached XP level 5. HP: 22/32 MP: 5/5
  2179 | D:3      | Reached XP level 6. HP: 24/37 MP: 6/6
  2392 | D:3      | Found an iron altar of Okawaru.
  2392 | D:3      | Found a shattered altar of Ashenzari.
  2397 | D:3      | Found a hazy altar of Hepliaklqana.
  2422 | D:3      | Became a worshipper of Ashenzari the Shackled
  3009 | D:4      | Got the cursed leather armour of the Hanged Man {rElec
                  | MP+9}
  3020 | D:4      | Identified the cursed +0 leather armour of the Hanged Man
                  | {rElec MP+9} (You found it on level 4 of the Dungeon)
  3168 | D:4      | Reached skill level 4 in Short Blades
  4037 | D:5      | Entered Level 5 of the Dungeon
  4089 | D:5      | Reached XP level 7. HP: 39/41 MP: 7/7
  4220 | D:5      | HP: 3/61 [orc/+0 flail (2)]
  4705 | D:5      | Found a staircase to the Ecumenical Temple.
  4719 | Temple   | Entered the Ecumenical Temple
  4884 | D:5      | Noticed a hippogriff
  4914 | D:5      | Killed a hippogriff
  5334 | D:5      | Reached * piety under Ashenzari
  5393 | D:5      | Reached XP level 8. HP: 43/48 MP: 8/8
  5688 | D:6      | Reached skill level 5 in Short Blades
  5942 | D:6      | Slain by a bullfrog

Skill      XL: |  1  2  3  4  5  6  7  8 |
---------------+-------------------------+-----
Armour         | 1 2 3 4 |  4.8
Short Blades   | 3 4 5 |  5.0
Stealth        | 1 2 3 |  3.5
Dodging        | 3 4 |  4.5
Fighting       | 3 4 |  4.1
Throwing       | |  1.7

Action                   |  1- 3 |  4- 6 |  7- 9 || total
-------------------------+-------+-------+-------++-------
Melee: Rapier            |   121 |   101 |    77 ||   299
       Dagger            |       |   151 |   153 ||   304
Throw: Throwing net      |       |     1 |     3 ||     4
  Use: Scroll            |     2 |       |       ||     2
       Potion            |       |       |    10 ||    10
 Stab: Sleeping          |     2 |     2 |     2 ||     6
       Held in net/web   |       |     1 |     1 ||     2
       Distracted        |       |     1 |       ||     1
       Invisible         |       |       |     3 ||     3
  Eat: Chunk             |       |     6 |     6 ||    12
       Ration            |       |     1 |       ||     1
Armor: Leather armour    |    52 |    56 |    76 ||   184
       Skin              |       |       |    92 ||    92
Dodge: Dodged            |   100 |   118 |   118 ||   336
